Selects Panzerjäger Kommand Battlegroup
Selects Blockade Equipment
Construct Light Support Kompanie
Selects GrB 39 Grenade Launcher Requisition
Pak 38 Anti-tank Gun Team
Selects Defensive Positions
Construct Panzerarmee Kommand
Selects Butterfly Bomb Drop
Walking Stuka Rocket Launcher
Flak 36 Anti-tank Gun Team
Selects Crew Shock Tactics
Selects Anti-tank Overwatch
Selects Anti-tank Overwatch
Selects Anti-tank Overwatch